 Dungeon Crawl Stone Soup version 0.22-a0-570-g58866f5 (webtiles) character file.

14291 Hebeh the Cleaver (level 11, 0/99 HPs)
             Began as a Minotaur Fighter on June 30, 2018.
             Was an Elder of Trog.
             Succumbed to a killer bee's poison
             ... on level 12 of the Dungeon.
             The game lasted 00:49:35 (12632 turns).

Hebeh the Cleaver (Minotaur Fighter)               Turns: 12632, Time: 00:49:35

Health: 0/99       AC: 12    Str: 24    XL:     11   Next: 86%
Magic:  13/13      EV:  7    Int:  5    God:    Trog [****..]
Gold:   748        SH: 25    Dex: 10    Spells: 10/10 levels left

rFire    . . .     SeeInvis +   N - +2 spear (pierce)
rCold    . . .     Gourm    .   p - +2 large shield
rNeg     + . .     Faith    .   D - +3 ring mail {rN+}
rPois    .         Spirit   .   (helmet restricted)
rElec    .         Reflect  +   (no cloak)
rCorr    .         Harm     .   (no gloves)
MR       .....                  G - +1 pair of boots
Stlth    ..........             L - +5 amulet of reflection
HPRegen  0.26/turn              C - ring of see invisible
MPRegen  0.13/turn              c - +5 ring of slaying

@: lethally poisoned (0 -> -3)
A: retaliatory headbutt, horns 2
a: Berserk, Trog's Hand, Brothers in Arms, Renounce Religion


You were on level 12 of the Dungeon.
You worshipped Trog.
Trog was greatly pleased with you.
You were not hungry.

You visited 2 branches of the dungeon, and saw 13 of its levels.
You also visited: Sewer.

You collected 748 gold pieces.

Inventory:

Hand Weapons
 a - a +0 war axe
 b - a +2 whip of flaming
 u - a +2 hunting sling of velocity
 N - a +2 spear of piercing (weapon)
Missiles
 t - 80 sling bullets
 B - 4 javelins (quivered)
Armour
 p - a +2 large shield (worn)
 D - a +3 ring mail of positive energy (worn)
 G - a +1 pair of boots (worn)
Jewellery
 c - a +5 ring of slaying (right hand)
 v - an uncursed ring of protection from fire
 C - a ring of see invisible (left hand)
 L - a +5 amulet of reflection (around neck)
Wands
 e - a wand of polymorph (13)
 j - a wand of scattershot (4)
 E - a wand of acid (15)
 H - a wand of iceblast (23)
 K - a wand of paralysis (10)
 M - a wand of digging (5)
 O - a wand of flame (14)
Scrolls
 g - a scroll of fog
 i - 6 scrolls of identify
 q - 6 scrolls of teleportation
 s - 7 scrolls of remove curse
 x - a scroll of fear
 y - 2 scrolls of blinking
 P - a scroll of enchant armour
Potions
 d - 4 potions of might
 k - 7 potions of brilliance
 l - 5 potions of curing
 m - a potion of invisibility {unknown}
 n - 2 potions of ambrosia {unknown}
 o - 2 potions of heal wounds
 r - a potion of magic {unknown}
 w - 2 potions of cancellation {unknown}
 z - 2 potions of degeneration {unknown}
 A - a potion of resistance {unknown}
 F - 3 potions of lignification {unknown}
 I - 3 potions of mutation {unknown}
 J - a potion of flight {unknown}
Comestibles
 f - 20 rations
 h - a chunk of flesh


   Skills:
 + Level 10.1 Fighting
 * Level 12.9 Axes
 + Level 7.0 Throwing
 + Level 10.1 Armour
 + Level 10.0 Shields
 + Level 4.0 Evocations


You had 10 spell levels left.
You didn't know any spells.
Your spell library was empty.

Dungeon Overview and Level Annotations

Branches:
Dungeon (12/15)            Temple (0/1) D:6            Lair (1/6) D:8
    Orc (0/2) D:9

Altars:
Ashenzari
Cheibriados
Elyvilon
Gozag
Hepliaklqana
Makhleb
Okawaru
Qazlal
Sif Muna
Trog
Vehumet
Wu Jian
Xom
Zin
The Shining One

Shops:
D:4 [   D:10 :   D:11 [

Annotations:
D:11 3 runed doors, Defined's ghost, journeyman DrIE; Hebeh's ghost, journeyman MiFi


Innate Abilities, Weirdness & Mutations

You reflexively headbutt those who attack you in melee.
You have a pair of horns on your head.


Message History

The killer bee poisons you!
You miss the killer bee.
You feel sick. The killer bee stings you.
* * * LOW HITPOINT WARNING * * *
You block the killer bee's attack.
You miss the killer bee. The killer bee barely misses you.
You furiously retaliate!
You headbutt the killer bee! You block the killer bee's attack. x3
You barely miss the killer bee.
The killer bee is heavily wounded.
* * * LOW HITPOINT WARNING * * *
You feel sick. You block the killer bee's attack. The killer bee stings you.
* * * LOW HITPOINT WARNING * * *
You miss the killer bee.
The killer bee is heavily wounded.
You block the killer bee's attack. x2
The killer bee stings you but does no damage.
The killer bee barely misses you.
You miss the killer bee.
The killer bee is heavily wounded.
You die...

#######.####
#..........#########
#.....).............
#..........#########
#..........#
#..........#
####.####### ###y.#
#yy@## #y### .y.
#%%.% #.[.J #...y
#.... #!...


You could see 5 killer bees.

Vanquished Creatures
  A hydra (D:9)
  3 two-headed ogres
  A wizard (D:10)
  A wolf spider zombie (D:12)
  Pikel (D:5)
  An ugly thing (D:11)
  A cyclops (D:11)
  A manticore (D:11)
  Joseph (D:9)
  A centaur skeleton (D:12)
  A troll (D:12)
  2 hippogriffs
  2 slime creatures (D:12)
  2 dream sheep (D:9)
  2 wyverns
  7 yaks
  4 vampire mosquitoes (D:12)
  5 ice beasts
  4 orc warriors
  A black bear (D:11)
  4 sky beasts
  5 ogres
  3 phantoms
  The ghost of suvakkihuora the Skirmisher, an amateur FoFi (D:8)
  2 centaurs
  6 big kobolds (D:9)
  5 bullfrogs
  A gnoll sergeant (D:4)
  2 scorpions
  13 killer bees
  8 wights
  2 crimson imps
  2 bullfrog zombies
  6 orc priests
  7 orc wizards
  9 hounds
  Natasha (thrice) (D:2)
  10 worker ants
  A hound zombie (D:6)
  2 hound skeletons
  A worker ant zombie (D:6)
  10 adders
  10 gnolls
  2 shadow imps
  An ooze (D:5)
  5 worms
  4 leopard geckos
  27 orcs
  2 giant cockroaches
  9 goblins
  9 hobgoblins
  8 jackals
  4 quokkas
  3 ball pythons (Sewer)
  3 bats
  8 frilled lizards
  A giant cockroach zombie (D:5)
  A jackal skeleton (D:5)
  47 kobolds
  2 leopard gecko skeletons
  7 rats
  2 plants
300 creatures vanquished.

Vanquished Creatures (others)
  A centaur (D:8)
  A worm (D:5)
  2 kobolds (D:9)
  A plant (Sewer)
  5 withered plants (D:11)
10 creatures vanquished.

Grand Total: 310 creatures vanquished

Notes
Turn   | Place    | Note
-------+----------+-------------------------------------------
     0 | D:1      | Hebeh the Minotaur Fighter began the quest for the Orb.
     0 | D:1      | Reached XP level 1. HP: 19/19 MP: 0/0
    95 | D:1      | Reached XP level 2. HP: 24/27 MP: 1/1
   202 | D:1      | Reached skill level 3 in Axes
   631 | D:2      | Reached XP level 3. HP: 18/33 MP: 2/2
   936 | D:2      | Noticed Natasha
   951 | D:2      | Killed Natasha
   951 | D:2      | Reached XP level 4. HP: 16/40 MP: 3/3
   958 | D:2      | Reached skill level 4 in Axes
   964 | D:2      | HP: 2/41 [poisoned by an adder]
   972 | D:2      | HP: 1/41 [poisoned by an adder]
  1082 | D:2      | Noticed Natasha
  1089 | D:2      | Killed Natasha
  1089 | D:2      | Reached XP level 5. HP: 16/47 MP: 4/4
  1432 | D:2      | Noticed Natasha
  1445 | D:2      | Killed Natasha
  1882 | D:3      | Found a glowing drain.
  1924 | Sewer    | Entered a sewer
  2744 | D:3      | Found an iron altar of Okawaru.
  2836 | D:3      | Reached skill level 5 in Axes
  3064 | D:3      | Reached XP level 6. HP: 43/55 MP: 5/5
  3107 | D:3      | Found a hazy altar of Hepliaklqana.
  3404 | D:4      | Reached skill level 5 in Armour
  3573 | D:4      | Reached skill level 5 in Shields
  3667 | D:4      | Found Caizir's Antique Armour Shop.
  3803 | D:4      | Reached skill level 5 in Fighting
  4108 | D:4      | Reached skill level 1 in Throwing
  4258 | D:5      | Entered Level 5 of the Dungeon
  4332 | D:5      | Found a bloodstained altar of Trog.
  4351 | D:5      | Became a worshipper of Trog the Wrathful
  4438 | D:5      | Noticed a slave
  4438 | D:5      | Noticed a slave
  4439 | D:5      | Noticed Pikel
  4439 | D:5      | Noticed a slave
  4439 | D:5      | Noticed a slave
  4443 | D:5      | Reached skill level 6 in Axes
  4443 | D:5      | Reached XP level 7. HP: 59/61 MP: 6/6
  4449 | D:5      | Killed Pikel
  4449 | D:5      | Reached skill level 7 in Axes
  4449 | D:5      | Reached XP level 8. HP: 59/70 MP: 7/7
  4607 | D:5      | Found an opulent altar of Gozag.
  5564 | D:6      | Reached skill level 8 in Axes
  5706 | D:6      | Found a staircase to the Ecumenical Temple.
  5761 | D:6      | Found a radiant altar of Vehumet.
  5761 | D:6      | Found a faded altar of an unknown god.
  5766 | D:6      | Found a glowing silver altar of Zin.
  5768 | D:6      | Found a faded altar of an unknown god.
  5770 | D:6      | Found a shimmering altar of Xom.
  5802 | D:6      | Found a white marble altar of Elyvilon.
  5957 | D:6      | Found a bloodstained altar of Trog.
  6580 | D:7      | Found a deep blue altar of Sif Muna.
  7177 | D:8      | Found a glowing golden altar of the Shining One.
  7179 | D:8      | Found a stormy altar of Qazlal.
  7209 | D:8      | Noticed a two-headed ogre
  7210 | D:8      | Noticed a two-headed ogre
  7230 | D:8      | Reached XP level 9. HP: 78/78 MP: 8/8
  7250 | D:7      | Killed a two-headed ogre
  7250 | D:7      | Reached skill level 9 in Axes
  7672 | D:8      | Reached * piety under Trog
  7746 | D:8      | Killed a two-headed ogre
  7746 | D:8      | Reached skill level 10 in Axes
  8055 | D:8      | Reached XP level 10. HP: 88/88 MP: 9/9
  8089 | D:8      | Found a staircase to the Lair.
  8231 | D:8      | Found a runed gate.
  8238 | D:8      | Found a runed gate.
  8238 | D:8      | Found a runed gate.
  8238 | D:8      | Noticed suvakkihuora's ghost (amateur FoFi)
  8316 | D:8      | Killed suvakkihuora's ghost
  8369 | Lair:1   | Entered Level 1 of the Lair of Beasts
  8410 | D:9      | Reached skill level 5 in Throwing
  8536 | D:9      | Found a staircase to the Orcish Mines.
  8702 | D:9      | Found a snail-covered altar of Cheibriados.
  8817 | D:9      | Found a shattered altar of Ashenzari.
  9028 | D:9      | Found an ornate altar of the Wu Jian Council.
  9093 | D:9      | Got a faintly humming ring mail
  9107 | D:9      | Identified the +1 ring mail of the Storm King {SInv} (You found it on level 9 of the Dungeon)
  9150 | D:9      | Reached ** piety under Trog
  9388 | D:9      | Reached skill level 11 in Axes
  9390 | D:9      | Reached skill level 1 in Evocations
  9591 | D:9      | Noticed a three-headed hydra
  9603 | D:9      | Killed a four-headed hydra
  9675 | D:9      | Noticed Joseph
  9684 | D:9      | Killed Joseph
 10070 | D:10     | Entered Level 10 of the Dungeon
 10174 | D:10     | Noticed a two-headed ogre
 10180 | D:10     | Killed a two-headed ogre
 10243 | D:10     | Noticed a wizard
 10248 | D:10     | Paralysed by a wizard for 6 turns
 10255 | D:10     | Killed a wizard
 10255 | D:10     | Reached XP level 11. HP: 97/97 MP: 11/11
 10358 | D:10     | Found Kaargh's Book Shop.
 11013 | D:10     | Found a burning altar of Makhleb.
 11182 | D:11     | Reached skill level 12 in Axes
 11186 | D:11     | Reached *** piety under Trog
 11297 | D:11     | Found Biogu's Armour Emporium.
 11378 | D:11     | Found a runed gate.
 11378 | D:11     | Found a runed gate.
 11378 | D:11     | Found a runed gate.
 11379 | D:11     | Noticed Hebeh's ghost (journeyman MiFi)
 11380 | D:11     | Noticed Defined's ghost (journeyman DrIE)
 12018 | D:11     | Noticed a red ugly thing
 12031 | D:11     | Killed a red ugly thing
 12467 | D:12     | Reached skill level 10 in Fighting
 12472 | D:12     | Reached skill level 10 in Armour
 12476 | D:12     | Reached **** piety under Trog
 12593 | D:12     | Reached skill level 10 in Shields
 12628 | D:12     | HP: 4/99 [killer bee (6)]
 12630 | D:12     | HP: 1/99 [killer bee (3)]
 12632 | D:12     | Succumbed to a killer bee's poison

Vault maps used:
D:1:      scummos_arrival_checkerplants
D:2:      uniq_natasha
D:3:      marbit_many_paths, lemuel_crystal_altar, portal_sewer_entry_d,
          first_ration
D:4:      serial_shops, kennysheep_mini_moat, lightli_minifort
D:5:      grunt_gozag_statues, basic_altar, uniq_pikel
D:6:      lemuel_round_altar, kennysheep_mini,
          chequers_temple_overflow_minitemple, minmay_temple_entry_statues,
          kennysheep_generic_room_5
D:7:      kennysheep_orc_sif_temple
D:8:      lemuel_crystal_altar, overflow_temple_1_default, lair_entry_dummy,
          ebering_ghost_rock_garden
D:9:      kennysheep_kobold_camp, old_standard_altar, cheibrodos_worm_habitat,
          lemuel_round_altar, david_orc_2, hangedman_ranch, uniq_joseph
D:10:     serial_shops, nicolae_shop_behind_doors, bloody_makhleb
D:11:     serial_shops, nicolae_shop_crystal, gammafunk_ghost_cemetery,
          minmay_misc_feat_square
D:12:     nicolae_trove_entry_columns
Lair:1:   st_stairs_5, uniq_erica
Sewer:    sewer_co_scattered_pipes

Skill      XL: |  1  2  3  4  5  6  7  8  9 10 11 |
---------------+----------------------------------+-----
Axes           | 3 4 5 6 7 8 10 11 12 | 12.9
Shields        | 4 5 6 8 9 10 | 10.0
Armour         | 4 5 6 8 9 10 | 10.1
Fighting       | 4 5 6 8 9 10 | 10.1
Throwing       | 1 2 3 4 6 7 |  7.0
Evocations     | 2 4 |  4.0

Action                   |  1- 3 |  4- 6 |  7- 9 | 10-12 || total
-------------------------+-------+-------+-------+-------++-------
Melee: War axe           |    88 |   262 |   117 |   170 ||   637
       Headbutt          |    11 |    33 |    28 |    97 ||   169
       Whip              |       |       |       |     9 ||     9
       Spear             |       |       |       |   235 ||   235
 Fire: Hunting sling     |       |       |       |     8 ||     8
Throw: Javelin           |       |       |     9 |    17 ||    26
  Use: Scroll            |       |       |    16 |     5 ||    21
       Potion            |       |       |       |     4 ||     4
  Eat: Chunk             |       |     9 |     1 |     8 ||    18
       Ration            |       |     1 |     3 |     2 ||     6
Armor: Scale mail        |    48 |   102 |    19 |    12 ||   181
       Ring mail         |       |       |       |    95 ||    95
Dodge: Dodged            |    24 |    43 |    16 |    45 ||   128
Block: Shield            |    70 |    29 |       |       ||    99
       Large shield      |       |   200 |   106 |   493 ||   799
       Reflection        |       |       |    10 |    21 ||    31

Table legend:
 A = Spawn XP
 B = Non-spawn XP
 C = Spawn XP percentage of total XP
 D = Spawn monster count
 E = Non-spawn monster count
 F = Spawn count percentage of total count
 G = Total turns spent on level
                    A         B        C        D         E        F      G
               +---------+---------+-------+---------+---------+-------+---------
         Total |       0 |   20417 |   0.0 |       0 |     300 |   0.0 | 12632
               +---------+---------+-------+---------+---------+-------+---------
           D:1 |       0 |      30 |   0.0 |       0 |      20 |   0.0 |   609
           D:2 |       0 |     233 |   0.0 |       0 |      25 |   0.0 |  1074
           D:3 |       0 |      85 |   0.0 |       0 |      19 |   0.0 |  1025
           D:4 |       0 |     333 |   0.0 |       0 |      15 |   0.0 |   935
           D:5 |       0 |     748 |   0.0 |       0 |       8 |   0.0 |   883
           D:6 |       0 |     730 |   0.0 |       0 |      12 |   0.0 |   963
           D:7 |       0 |    1399 |   0.0 |       0 |       9 |   0.0 |  1254
           D:8 |       0 |    2055 |   0.0 |       0 |      22 |   0.0 |  1045
           D:9 |       0 |    4026 |   0.0 |       0 |      66 |   0.0 |  1743
          D:10 |       0 |    2896 |   0.0 |       0 |      26 |   0.0 |   999
          D:11 |       0 |    4287 |   0.0 |       0 |      29 |   0.0 |  1156
          D:12 |       0 |    3548 |   0.0 |       0 |      27 |   0.0 |   329
         Sewer |       0 |      47 |   0.0 |       0 |      22 |   0.0 |   615
               +---------+---------+-------+---------+---------+-------+---------
